 Dungeon Crawl Stone Soup version 0.29.1-2-gbd0b4ee654 (webtiles) character file.

Game seed: 5903635661565024067

1048 RascalDebosk the Magician (level 8, -2/59 HPs)
             Began as a Djinni Air Elementalist on Oct 23, 2022.
             Slain by a centaur (5 damage)
             ... on level 5 of the Dungeon.
             The game lasted 00:29:21 (5719 turns).

RascalDebosk the Magician (Djinni Air Elementalist) Turns: 5719, Time: 00:29:22

Health: -2/59      AC:  3    Str: 13    XL:     8   Next: 50%
Gold:   384        EV: 12    Int: 20    God:
                   SH:  0    Dex: 13

rFire   + + .      SeeInvis .   l - +2 short sword (elec)
rCold   x . .      Faith    .   (no shield)
rNeg    . . .      Spirit   .   p - +0 robe
rPois   ∞          Reflect  .   (no helmet)
rElec   .          Harm     .   x - +0 cloak
rCorr   .          Rampage  .   (no gloves)
Will    .....                   (boots unavailable)
Stlth   ++........              s - amulet of regeneration
HPRegen 0.99/turn               c - +6 ring of strength
MPRegen 0.00/turn               (no ring)

@: flying
A: sickness immunity, fire resistance 2, cold vulnerability 1, float, innate
caster, HP casting, extra vitality 1
a: no special abilities


You were on level 5 of the Dungeon.
You visited 1 branch of the dungeon, and saw 5 of its levels.

You collected 384 gold pieces.

Inventory:

Hand Weapons
 l - a +2 short sword of electrocution (weapon)
Missiles
 r - 2 throwing nets {@!f}
Armour
 p - a +0 robe (worn)
 x - a +0 cloak (worn)
Jewellery
 c - a +6 ring of strength (left hand)
 m - an amulet of faith
 s - an amulet of regeneration (around neck)
 B - a +6 ring of strength
Wands
 i - a wand of iceblast (14)
Scrolls
 a - a scroll of fog {unknown}
 b - a scroll of blinking {unknown}
 d - a scroll of silence {unknown}
 g - a scroll of magic mapping {unknown}
 j - a scroll of amnesia {unknown}
 k - a scroll of brand weapon {unknown}
 t - 2 scrolls of teleportation
 y - a scroll of noise {unknown}
 z - a scroll of torment {unknown}
 C - a scroll of vulnerability {unknown}
Potions
 e - a potion of magic
 f - a potion of resistance
 h - 3 potions of heal wounds
 n - 3 potions of attraction
 o - 2 potions of ambrosia {unknown}
 q - a potion of might
 u - a potion of lignification {unknown}
 v - 4 potions of curing
 w - a potion of haste {unknown}
 A - a potion of brilliance {unknown}


   Skills:
 + Level 5.2 Fighting
 - Level 2.1 Dodging
 - Level 1.5 Stealth
 * Level 6.3 Spellcasting


You had 3 spell levels left.
You knew the following spells:

 Your Spells              Type           Power      Damage    Failure   Level
a - Shock                 Conj/Air       100%       1d9       1%          1
b - Static Discharge      Conj/Air       31%        3-7/arc   1%          2
c - Swiftness             Air            31%        N/A       2%          3
d - Airstrike             Air            15%        2d(3-19)  8%          4
e - Foxfire               Conj/Fire      100%       2x1d9     1%          1
f - Ensorcelled Hibernat  Hex/Ice        62%        N/A       1%          2
g - Tukima's Dance        Hex            31%        N/A       2%          3
Your spell library was empty.

Dungeon Overview and Level Annotations

Branches:
Dungeon (5/15)
 Temple: D:4-7

Altars:
Fedhas
Okawaru


Innate Abilities, Weirdness & Mutations

You are immune to sickness and miasma.
You are immune to poison.
Your flesh is very heat resistant. (rF++)
You are vulnerable to cold. (rC-)
You float through the air rather than walking.
You learn spells naturally, not from books.
Your magical power is your life essence.
You have superior vitality. (+4 MHP)


Message History

The hound barks!
Aiming: Shock (safe; 1% risk of failure)
Press: ? - help, Q - select action, (/) - cycle Shift-Dir - straight line, f/p - hound
Aim: a hound (heavily wounded, 64% to hit)
The zap misses the hound.
Aiming: Shock (safe; 1% risk of failure)
Press: ? - help, Q - select action, (/) - cycle Shift-Dir - straight line, f/p - hound
Aim: a hound (heavily wounded, 64% to hit)
The zap misses the hound.
A hound is nearby!
Aiming: Shock (safe; 1% risk of failure)
Press: ? - help, Q - select action, (/) - cycle Shift-Dir - straight line, f/p - hound
Aim: a hound (heavily wounded, 64% to hit)
The zap hits the hound.
The hound is severely wounded.
Unknown command.
Aiming: Shock (safe; 1% risk of failure)
Press: ? - help, Q - select action, (/) - cycle Shift-Dir - straight line, f/p - hound
Aim: a hound (severely wounded, 64% to hit)
The zap hits the hound.
You kill the hound!
You now have 371 gold pieces (gained 17).
Found a hand axe.
An orc comes into view. It is wielding a +0 mace.
Aiming: Shock (safe; 1% risk of failure)
Press: ? - help, Q - select action, (/) - cycle Shift-Dir - straight line, f - orc
Aim: an orc, wielding a +0 mace (asleep, 100% to hit)
The zap hits the orc!
You kill the orc!
An adder comes into view.
Aiming: Shock (safe; 1% risk of failure)
Press: ? - help, Q - select action, (/) - cycle Shift-Dir - straight line The zap hits the adder.
The adder is lightly wounded.
The adder hisses angrily.
The zap misses the adder.
Aiming: Shock (safe; 1% risk of failure)
Press: ? - help, Q - select action, (/) - cycle Shift-Dir - straight line The zap hits the adder.
The adder is heavily wounded.
The adder bites you. The adder barely misses you.
Aiming: Shock (safe; 1% risk of failure)
Press: ? - help, Q - select action, (/) - cycle Shift-Dir - straight line The zap hits the adder.
You kill the adder!
You now have 384 gold pieces (gained 13).
Found a stone staircase leading down.
C - a scroll labelled XIXZEO HYED A centaur comes into view.
Found 2 poisoned darts.
The centaur shouts!
The centaur wields a +0 shortbow.
The centaur shoots an arrow.
The arrow hits you!
The centaur shoots an arrow.
The arrow barely misses you.
Aiming: Shock (safe; 1% risk of failure)
Press: ? - help, Q - select action, (/) - cycle Shift-Dir - straight line, f - centaur
Aim: a centaur, wielding a +0 shortbow (84% to hit)
The zap hits the centaur but does no damage.
Aiming: Shock (safe; 1% risk of failure)
Press: ? - help, Q - select action, (/) - cycle Shift-Dir - straight line, f/p - centaur
Aim: a centaur, wielding a +0 shortbow (84% to hit)
The zap misses the centaur.
The centaur shoots an arrow.
The arrow completely misses you.
Aiming: Shock (safe; 1% risk of failure)
Press: ? - help, Q - select action, (/) - cycle Shift-Dir - straight line, f/p - centaur
Aim: a centaur, wielding a +0 shortbow (84% to hit)
The zap hits the centaur.
The centaur is lightly wounded.
The centaur shoots an arrow.
The arrow closely misses you.
Aiming: Shock (safe; 1% risk of failure)
Press: ? - help, Q - select action, (/) - cycle Shift-Dir - straight line, f/p - centaur
Aim: a centaur, wielding a +0 shortbow (lightly wounded, 84% to hit)
The zap misses the centaur.
The centaur shoots an arrow.
The arrow hits you.
The centaur shoots an arrow.
The arrow hits you!
Aiming: Shock (safe; 1% risk of failure)
Press: ? - help, Q - select action, (/) - cycle Shift-Dir - straight line, f/p - centaur
Aim: a centaur, wielding a +0 shortbow (lightly wounded, 84% to hit)
The zap hits the centaur.
The centaur is moderately wounded.
The centaur shoots an arrow.
The arrow barely misses you.
The centaur shoots an arrow.
The arrow hits you!
* * * LOW HITPOINT WARNING * * *
The centaur shoots an arrow.
The arrow hits you!
* * * LOW HITPOINT WARNING * * *
The centaur unwields a +0 shortbow.
The centaur hits you.
* * * LOW HITPOINT WARNING * * *
The centaur kicks you.
* * * LOW HITPOINT WARNING * * *
Casting: Shock (safe; 1% risk of failure)
Confirm with . or Enter, or press ? or * to list all spells.
The centaur is struck by an arc of lightning.
The centaur is heavily wounded.
You are struck by an arc of lightning.
* * * LOW HITPOINT WARNING * * *
The centaur is struck by an arc of lightning.
The centaur is severely wounded.
The lightning grounds out.
* * * LOW HITPOINT WARNING * * *
The centaur hits you.
You die...

#######......#######......
..................####....
.............####....#####
........###### ####......
........# #.......
........# #.......
........# #.......
........######### #.......
.........@....... #.......
######....c...... #.......
#........... #.......
#........... #.......
#.......(... .......
############


You could see a centaur.

Vanquished Creatures
  Menkaure (D:4)
  An ice beast (D:5)
  2 ogres
  A phantom (D:5)
  3 hounds
  Crazy Yiuf (D:3)
  3 orc priests
  Jessica (D:3)
  Terence (D:2)
  Natasha (D:3)
  An orc wizard (D:5)
  Robin (D:2)
  7 gnolls
  7 adders
  2 white imps (D:5)
  2 worms
  2 dart slugs
  13 orcs
  11 endoplasms
  5 giant cockroaches
  7 goblins
  6 hobgoblins
  4 quokkas
  4 ball pythons (D:2)
  13 bats
  3 frilled lizards
  9 kobolds
  8 rats
  A spectral hobgoblin (D:1)
121 creatures vanquished.

Vanquished Creatures (collateral kills)
  A gnoll (D:5)
1 creature vanquished.

Grand Total: 122 creatures vanquished

Notes
Turn   | Place    | Note
-------+----------+-------------------------------------------
     0 | D:1      | RascalDebosk the Djinni Air Elementalist began the quest
                  | for the Orb.
     0 | D:1      | RascalDebosk set off with the following spells memorised:
                  | Shock, Static Discharge, Swiftness, Airstrike.
     0 | D:1      | Reached XP level 1. HP: 15/15 MP: 0/0
     9 | D:1      | Found a faded altar of an unknown god.
   251 | D:1      | Reached XP level 2. HP: 12/22 MP: 0/0
   659 | D:1      | Reached skill level 1 in Fighting
  1085 | D:1      | Reached XP level 3. HP: 23/27 MP: 0/0
  1085 | D:1      | Learned a level 1 spell: Foxfire
  1144 | D:1      | Reached skill level 3 in Spellcasting
  1893 | D:2      | Noticed Terence
  1901 | D:2      | Killed Terence
  1902 | D:2      | Reached XP level 4. HP: 11/33 MP: 0/0
  2379 | D:2      | Noticed Robin
  2383 | D:2      | Killed Robin
  2675 | D:2      | Reached XP level 5. HP: 23/38 MP: 0/0
  2675 | D:2      | Learned a level 2 spell: Ensorcelled Hibernation
  3330 | D:3      | Noticed Jessica
  3331 | D:3      | Reached skill level 4 in Spellcasting
  3332 | D:3      | Killed Jessica
  3572 | D:3      | Found an iron altar of Okawaru.
  3598 | D:3      | Reached XP level 6. HP: 20/45 MP: 0/0
  4302 | D:3      | Noticed Natasha
  4305 | D:3      | Killed Natasha
  4379 | D:3      | Found a runed translucent door.
  4380 | D:3      | Noticed Crazy Yiuf
  4385 | D:3      | Killed Crazy Yiuf
  4570 | D:4      | Noticed Menkaure
  4576 | D:4      | Killed Menkaure
  4577 | D:4      | Reached skill level 5 in Spellcasting
  4577 | D:4      | Reached XP level 7. HP: 8/51 MP: 0/0
  4577 | D:4      | Learned a level 3 spell: Tukima's Dance
  4731 | D:4      | Found a blossoming altar of Fedhas.
  5327 | D:5      | Entered Level 5 of the Dungeon
  5389 | D:5      | Reached XP level 8. HP: 58/58 MP: 0/0
  5433 | D:5      | Reached skill level 6 in Spellcasting
  5488 | D:5      | Reached skill level 5 in Fighting
  5719 | D:5      | HP: 2/59 [/static electricity (4)]
  5719 | D:5      | Slain by a centaur

Illustrated notes

Levels and vault maps discovered:
D:1:      kennysheep_arrival_forest, layout_basic,
          dreamdust_ecumenical_altar_drowned_temple, minmay_misc_feat_ornament
D:2:      minmay_door_path, layout_loops_ring, uniq_terence, uniq_robin
D:3:      layout_loops_cross, okawaru_metal_pillars_1_2, uniq_natasha,
          uniq_jessica, uniq_crazy_yiuf_cottage
D:4:      layout_basic, mainiacjoe_overflow_alcove_2, uniq_menkaure
D:5:      kennysheep_spiral_hall, layout_basic, minmay_temple_entry_junction

Skill      XL: |  1  2  3  4  5  6  7  8 |
---------------+-------------------------+-----
Fighting       | 1 2 3 4 5 |  5.2
Spellcasting   | 3 4 5 6 |  6.3
Dodging        | |  2.1
Stealth        | |  1.5

Action                   |  1- 3 |  4- 6 |  7- 9 || total
-------------------------+-------+-------+-------++-------
Melee: Dagger            |       |     3 |       ||     3
       Short sword       |       |     1 |     2 ||     3
 Cast: Shock             |    76 |    94 |   102 ||   272
       Static Discharge  |     4 |    12 |     3 ||    19
       Airstrike         |       |     1 |       ||     1
       Tukima's Dance    |       |       |     3 ||     3
       Ensorcelled Hiber |       |       |     2 ||     2
  Use: Scroll            |       |     3 |     4 ||     7
 Stab: Sleeping          |       |     1 |     1 ||     2
Armor: Robe              |       |     3 |     5 ||     8
Dodge: Dodged            |    18 |    10 |    14 ||    42
